 Dungeon Crawl Stone Soup version 0.31.0-11-ge490571c62 (webtiles) character file.

Game seed: 6510532446199325835

721 wildpjah the Digger (level 7, -1/36 HPs)
             Began as a Gargoyle Earth Elementalist on Jan 31, 2024.
             Slain by a gnoll sergeant
             ... wielding a +0 spear
              (9 damage)
             ... on level 5 of the Dungeon.
             The game lasted 00:06:58 (3432 turns).

wildpjah the Digger (Gargoyle Earth Elementalist)   Turns: 3432, Time: 00:06:59

Health: -1/36      AC: 10    Str: 12    XL:     7   Next: 71%
Magic:  13/15      EV: 10    Int: 17    God:
Gold:   282        SH:  0    Dex: 10    Spells: 16/17 levels left

rFire   + . .        h - +2 dagger (venom)
rCold   . . .        (no shield)
rNeg    + . .        k - +0 ring mail
rPois   ∞            (no helmet)
rElec   +            s - scarf {harm}
rCorr   .            (no gloves)
SInv    .            (no boots)
Will    .....        (no amulet)
Stlth   +            v - ring of flight
HPRegen 0.26/turn    e - ring of protection from fire
MPRegen 0.14/turn

%: harm (+30% outgoing, +20% incoming)
@: flying
A: sickness immunity, AC +4, negative energy resistance 1, electricity
resistance, torment resistance 1, petrification resistance
a: no special abilities


You were on level 5 of the Dungeon.
You visited 1 branch of the dungeon, and saw 5 of its levels.

You collected 282 gold pieces.

Inventory:

Hand Weapons
 g - a +0 mace
 h - a +2 dagger of venom (weapon)
Missiles
 c - 27 stones
Armour
 a - a +0 robe
 k - a +0 ring mail (worn)
 s - a scarf of harm (worn)
Jewellery
 e - a ring of protection from fire (right hand)
 v - a ring of flight (left hand)
Scrolls
 d - 2 scrolls of poison {unknown}
 f - 2 scrolls of enchant armour {unknown}
 i - a scroll of fear {unknown}
 j - a scroll of blinking {unknown}
 n - a scroll of teleportation {unknown}
 o - 5 scrolls of identify {unknown}
 t - a scroll of amnesia {unknown}
 u - a scroll of noise {unknown}
Potions
 b - a potion of magic
 l - 2 potions of cancellation {unknown}
 m - a potion of enlightenment {unknown}
 q - a potion of degeneration {unknown}
 r - a potion of ambrosia {unknown}
 w - a potion of invisibility {unknown}
 x - a potion of heal wounds {unknown}


   Skills:
 + Level 0.2 Fighting
 + Level 2.6 Armour
 + Level 1.9 Dodging
 + Level 2.6 Stealth
 + Level 0.3 Unarmed Combat
 + Level 5.5 Spellcasting
 + Level 1.1 Conjurations
 + Level 6.8 Earth Magic


You had 16 spell levels left.
You knew the following spells:

 Your Spells              Type           Power      Damage    Failure   Level
a - Sandblast             Erth           56%        2d13      1%          1

Your spell library contained the following spells:

 Spells                   Type           Power      Damage    Failure   Level
 Passwall                 Erth           28%        N/A       5%          3
 Stone Arrow              Conj/Erth      36%        3d9       17%         3
 Shock                    Conj/Air       24%        1d4       24%         1
 Momentum Strike          Conj/Tloc      12%        3d8       34%         2
 Blink                    Tloc           8%         N/A       41%         2
 Ensorcelled Hibernation  Hex/Ice        8%         N/A       41%         2
 Lesser Beckoning         Tloc           8%         N/A       41%         2
 Brom's Barrelling Bould  Conj/Erth      18%        2d4       50%         4
 Petrify                  Alch/Erth      16%        N/A       58%         4
 Call Canine Familiar     Summ           4%         N/A       65%         3
 Sigil of Binding         Hex            4%         N/A       65%         3
 Swiftness                Air            4%         N/A       65%         3
 Airstrike                Air            2%         2d(1-17)  96%         4
 Dimensional Bullseye     Hex/Tloc       2%         N/A       96%         4


Dungeon Overview and Level Annotations

Branches:
Dungeon (5/15)
 Temple: D:4-7

Altars:
Nemelex Xobeh
Okawaru
The Shining One

Portals:
Abyss: D:4

Annotations:
D:4 2 transporters, knightboat's ghost, amateur DsGl


Innate Abilities, Weirdness & Mutations

You are immune to sickness and miasma.
Your stone body is resilient. (AC +4)
You are immune to poison.
You resist negative energy. (rN+)
You are resistant to electric shocks. (rElec)
You are resistant to unholy torment.
You are immune to petrification.


Message History

There is an open door here.
You are too injured to fight recklessly!
There are monsters nearby!
You are too injured to fight recklessly!
Things that are here:
a +0 short sword; an orc corpse You are too injured to fight recklessly!
You are too injured to fight recklessly!
You are too injured to fight recklessly!
You are too injured to fight recklessly!
Aiming: Sandblast (safe; 1% risk of failure)
Press: ? - help, Q - select action, (/) - cycle Shift-Dir - straight line, f - gnoll sergeant
Aim: a gnoll sergeant, wielding a +0 spear and wearing a +0 ring mail (87% to hit)
The blast of sand hits the gnoll sergeant but does no damage.
Aiming: Sandblast (safe; 1% risk of failure)
Press: ? - help, Q - select action, (/) - cycle Shift-Dir - straight line, f/p - gnoll sergeant
Aim: a gnoll sergeant, wielding a +0 spear and wearing a +0 ring mail (87% to hit)
The blast of sand hits the gnoll sergeant.
The gnoll sergeant is lightly wounded.
The gnoll sergeant hits you but does no damage.
Aiming: Sandblast (safe; 1% risk of failure)
Press: ? - help, Q - select action, (/) - cycle Shift-Dir - straight line, f/p - gnoll sergeant
Aim: a gnoll sergeant, wielding a +0 spear and wearing a +0 ring mail (lightly wounded, 87% to hit)
The blast of sand hits the gnoll sergeant!
The gnoll sergeant is heavily wounded.
The gnoll sergeant barely misses you.
The gnoll sergeant hits you with a +0 spear.
You barely miss the gnoll sergeant.
The gnoll sergeant is heavily wounded.
The gnoll sergeant hits you but does no damage.
You hit the gnoll sergeant but do no damage.
The gnoll sergeant is poisoned.
The gnoll sergeant is heavily wounded.
The gnoll sergeant hits you with a +0 spear!
* * * LOW HITPOINT WARNING * * *
You hit the gnoll sergeant but do no damage.
The gnoll sergeant looks even sicker.
The gnoll sergeant is heavily wounded.
The gnoll sergeant hits you with a +0 spear!
You die...

.# ..............######
....
#...##...............#
###..
....##...............# #
.............#.......####
..............##........#
.................##.....#
..............#####.....#
........####.....########
.........@g.)..#..g.....##
........####..####.#..#.'.
........# #..# #..##..#.
######### #.## #..##..#.
#.# #.#..#.#. #..
#......#J #.. #########
..# #..' .K#. g#. .


You could see a gnoll sergeant (very poisoned).

Vanquished Creatures
  3 ice beasts (D:5)
  A phantom (D:4)
  2 jellies (D:5)
  A bombardier beetle (D:5)
  A hound (D:5)
  An iguana (D:5)
  A sleepcap (D:5)
  4 gnolls (D:4)
  7 adders
  A shadow imp (D:5)
  3 dart slugs
  A ribbon worm (D:3)
  8 orcs
  6 endoplasms
  6 giant cockroaches
  10 goblins
  5 hobgoblins
  4 jackals (D:2)
  2 quokkas
  6 ball pythons
  5 bats
  2 frilled lizards
  3 kobolds
  7 rats
90 creatures vanquished.

Notes
Turn   | Place    | Note
-------+----------+-------------------------------------------
     0 | D:1      | wildpjah the Gargoyle Earth Elementalist began the quest
                  | for the Orb.
     0 | D:1      | Reached XP level 1. HP: 10/10 MP: 3/3
   232 | D:1      | Reached XP level 2. HP: 12/15 MP: 0/5
   331 | D:1      | Reached skill level 4 in Earth Magic
   675 | D:1      | Reached XP level 3. HP: 19/19 MP: 3/6
  1135 | D:2      | You fall into a shaft and drop 1 floor!
  1238 | D:3      | Reached XP level 4. HP: 23/24 MP: 1/8
  1352 | D:3      | Found a glowing golden altar of the Shining One.
  1352 | D:3      | Found an iron altar of Okawaru.
  1635 | D:3      | Reached skill level 5 in Earth Magic
  2137 | D:4      | Found a transporter.
  2143 | D:4      | Noticed a small abomination
  2179 | D:4      | Found a one-way gate to the infinite horrors of the Abyss.
  2179 | D:4      | Noticed knightboat's ghost (amateur DsGl)
  2191 | D:4      | Found a transporter.
  2278 | D:4      | Reached XP level 5. HP: 28/28 MP: 6/10
  2284 | D:4      | Reached skill level 1 in Armour
  2545 | D:4      | Noticed a phantom
  2555 | D:4      | Killed a phantom
  2556 | D:4      | Reached XP level 6. HP: 28/32 MP: 2/12
  2937 | D:4      | Found a sparkling altar of Nemelex Xobeh.
  3049 | D:5      | Entered Level 5 of the Dungeon
  3211 | D:5      | Noticed an ice beast
  3226 | D:5      | Killed an ice beast
  3227 | D:5      | Reached skill level 6 in Earth Magic
  3228 | D:5      | Reached XP level 7. HP: 36/36 MP: 7/14
  3302 | D:5      | Reached skill level 5 in Spellcasting
  3432 | D:5      | Slain by a gnoll sergeant

Illustrated notes

Levels and vault maps discovered:
D:1:      minmay_arrival_three_doors, layout_loops_ring, chequers_mini_garden,
          minivault_24
D:2:      layout_rooms, minmay_tetromino_l4
D:3:      layout_basic, nicolae_overflow_two_pavilions
D:4:      layout_loops_cross, nemelex_spade_bored_becter,
          gammafunk_ghost_abyssal_escape, hangedman_glass_teeth
D:5:      minmay_clustersquares, layout_rooms

Skill      XL: |  1  2  3  4  5  6  7 |
---------------+----------------------+-----
Earth Magic    | 4 5 6 |  6.8
Spellcasting   | 3 4 5 |  5.5
Armour         | 1 2 |  2.6
Fighting       | |  0.2
Dodging        | |  1.9
Stealth        | |  2.6
Unarmed Combat | |  0.3
Conjurations   | |  1.1

Action                     |  1- 3 |  4- 6 |  7- 9 || total
---------------------------+-------+-------+-------++-------
  Melee: Unarmed           |     6 |       |       ||     6
         Mace              |     7 |       |       ||     7
         Dagger            |     4 |     7 |    16 ||    27
  Throw: Throwing net      |       |       |     1 ||     1
   Cast: Sandblast         |    58 |    68 |    21 ||   147
   Stab: Held in net/web   |       |       |     1 ||     1
 Armour: Robe              |    13 |       |       ||    13
         Ring mail         |    13 |    17 |    21 ||    51
  Dodge: Dodged            |    26 |    14 |     4 ||    44
